[Event "Titled Tuesday Blitz April 26 Late 2022"]
[White "Needleman, Alejandro"]
[Black "Kozin, Yuri"]
[WhiteFideId "100730"]
[BlackFideId "4129920"]
[WhiteElo "2323"]
[BlackElo "2576"]
[Result "1-0"]
[Round "03"]
[TimeControl "180+1"]
[Date "2022.04.26"]
[WhiteClock "0:01:09"]
[BlackClock "0:00:04"]

1. e4 c5 2. Nf3 e6 3. b4 b6 4. b5 Bb7 5. Bd3 d5 6. e5 d4 7. O-O Nd7 8. c4 Ne7 9. Re1 Ng6 10. a4 Nf4 11. Bf1 g5 12. d3 g4 13. Bxf4 gxf3 14. g3 h5 15. h4 Rg8 16. Kh2 Be7 17. Bh3 a5 18. Nd2 Bxh4 19. gxh4 Qxh4 20. Bg3 Qg5 21. Nxf3 Qh6 22. Qd2 Qg7 23. Qf4 O-O-O 24. Bh4 Rdf8 25. Rg1 Qh7 26. Rxg8 Rxg8 27. Ng5 Qxd3 28. Qxf7 Rxg5 29. Bxg5 Nxe5 30. Qe8+ Kc7 31. Qd8# 1-0


[Site "https://www.chess.com"]

[Event "Titled Tuesday Blitz April 26 Late 2022"]
[White "Ohanyan, Emin"]
[Black "Melkumyan, Hrant"]
[WhiteFideId "13312022"]
[BlackFideId "13302485"]
[WhiteElo "1927"]
[BlackElo "2604"]
[Result "1/2-1/2"]
[Round "03"]
[TimeControl "180+1"]
[Date "2022.04.26"]
[WhiteClock "0:00:06"]
[BlackClock "0:00:13"]

1. e4 e5 2. Nc3 Nf6 3. Bc4 Nc6 4. d3 Na5 5. Bb3 Bb4 6. Ne2 O-O 7. O-O Nxb3 8. axb3 d5 9. Bg5 dxe4 10. dxe4 Be7 11. Qxd8 Rxd8 12. Bxf6 Bxf6 13. Nd5 c6 14. Nxf6+ gxf6 15. Rfd1 Rxd1+ 16. Rxd1 Be6 17. f4 Bg4 18. Kf2 Kf8 19. h3 Bxe2 20. Kxe2 Ke7 21. Kf3 a5 22. g4 a4 23. Ra1 b5 24. Ra3 exf4 25. Kxf4 Rb8 26. Kf5 Rb7 27. b4 Rd7 28. Rc3 Rd6 29. h4 h6 30. Rc5 Re6 31. h5 Kd6 32. Kf4 Re8 33. c4 bxc4 34. Rxc4 Rb8 35. Kf5 Ke7 36. Rxc6 Rb5+ 37. Rc5 Rxb4 38. Rc7+ Kf8 39. Kxf6 Rb6+ 40. Kf5 Rxb2 41. Ra7 Ra2 42. Kf6 Rf2+ 43. Ke5 Ra2 44. Kf6 Rf2+ 45. Ke5 Rg2 46. Kf4 Ra2 47. g5 hxg5+ 48. Kxg5 a3 49. h6 Rg2+ 50. Kf6 Rg6+ 51. Kf5 Rxh6 52. Rxa3 Rh5+ 53. Kf6 Rh6+ 54. Kg5 Rg6+ 55. Kf5 Kg7 56. e5 Rg1 57. Rf3 Rg2 58. Rf4 Kf8 59. Ra4 Rf2+ 60. Ke4 Re2+ 61. Kf5 Rf2+ 62. Ke4 Re2+ 63. Kd5 Re1 64. Ra8+ Kg7 65. Ra2 Rd1+ 66. Ke4 Re1+ 67. Kf5 Rf1+ 68. Ke4 Kf8 69. Rh2 Ke7 70. Rh6 Re1+ 71. Kd5 Rd1+ 72. Ke4 Ra1 73. Rb6 Ra4+ 74. Kf5 Ra5 75. Rb7+ Kf8 76. Rd7 Ra6 77. Rc7 Kg7 78. Rc3 Rh6 79. Rg3+ Kf8 80. Ke4 Ra6 81. Rd3 Ra4+ 82. Kf5 Ra6 83. Rd7 Ke8 84. Rb7 Kf8 85. Rc7 Ke8 86. Rc2 Kf8 87. Rd2 Ke8 88. Rd6 Rxd6 89. exd6 Kd7 90. Kf6 Kxd6 91. Kxf7 1/2-1/2


[Site "https://www.chess.com"]

[Event "Titled Tuesday Blitz April 26 Late 2022"]
[White "Onslow, Alfie"]
[Black "Krstulovic, Alex"]
[WhiteFideId "436976"]
[BlackFideId "760056"]
[WhiteElo "1884"]
[BlackElo "2193"]
[Result "0-1"]
[Round "03"]
[TimeControl "180+1"]
[Date "2022.04.26"]
[WhiteClock "0:00:04"]
[BlackClock "0:00:34"]

1. e4 c6 2. d4 d5 3. exd5 cxd5 4. Nf3 Bg4 5. h3 Bxf3 6. Qxf3 Nc6 7. c3 Rc8 8. Bd3 Nxd4 9. cxd4 Rxc1+ 10. Kd2 Rc6 11. Bb5 e6 12. Rc1 Qa5+ 13. Nc3 Nf6 14. Bxc6+ bxc6 15. Ke2 Bb4 16. Kf1 O-O 17. Kg1 h6 18. a3 Bd6 19. b4 Qa6 20. Qe2 Qb7 21. Na4 Bb8 22. Nc5 Qc7 23. g3 Qd6 24. Rc3 Re8 25. Re1 Qd8 26. Qa6 Qd6 27. Nd3 Ne4 28. Rxc6 Qe7 29. Rc8 Kh7 30. Rxe8 Qxe8 31. Ne5 f6 32. Nc6 Bd6 33. Nxa7 Bc7 34. Nb5 Bb8 35. Kg2 f5 36. Qb7 f4 37. g4 f3+ 38. Kf1 Bh2 39. Rc1 Qg6 40. Rc7 Ng3+ 41. fxg3 Qd3+ 0-1


[Site "https://www.chess.com"]

[Event "Titled Tuesday Blitz April 26 Late 2022"]
[White "Pakleza, Zbigniew"]
[Black "Tang, Andrew"]
[WhiteFideId "1119290"]
[BlackFideId "2059630"]
[WhiteElo "2467"]
[BlackElo "2584"]
[Result "0-1"]
[Round "03"]
[TimeControl "180+1"]
[Date "2022.04.26"]
[WhiteClock "0:00:02"]
[BlackClock "0:00:54"]

1. d4 d5 2. Bf4 Nf6 3. e3 e6 4. Nd2 Bd6 5. Bg3 O-O 6. Ngf3 c5 7. c3 Qc7 8. Ne5 b6 9. f4 Nfd7 10. Bd3 Ba6 11. Bxa6 Nxa6 12. O-O f6 13. Nxd7 Qxd7 14. Qf3 f5 15. Bh4 b5 16. a3 c4 17. g4 Nc7 18. gxf5 exf5 19. Qg2 Rae8 20. Bf2 Re6 21. Kh1 Rg6 22. Bg3 Re8 23. Rae1 Rge6 24. Bf2 a5 25. Nf3 b4 26. axb4 axb4 27. Ne5 Bxe5 28. dxe5 bxc3 29. bxc3 Rg6 30. Qf3 Rd8 31. Bh4 Ra8 32. Rd1 Ra3 33. Be1 h6 34. Rf2 Kh7 35. Rb2 Qc6 36. Rg2 Rxg2 37. Qxg2 Ne6 38. h4 Ra5 39. h5 Qe8 40. Qf3 Qf7 41. Kg2 Nc5 42. Qxd5 Qxh5 43. Qf3 Qg6+ 44. Kh3 Ne4 45. Qe2 Ra3 46. Qf3 Ra2 0-1


[Site "https://www.chess.com"]

[Event "Titled Tuesday Blitz April 26 Late 2022"]
[White "Paravyan, David"]
[Black "Janik, Igor"]
[WhiteFideId "4194985"]
[BlackFideId "1159259"]
[WhiteElo "2569"]
[BlackElo "2437"]
[Result "0-1"]
[Round "03"]
[TimeControl "180+1"]
[Date "2022.04.26"]
[WhiteClock "0:00:00"]
[BlackClock "0:00:09"]

1. e4 c6 2. d4 d5 3. e5 c5 4. Nf3 Bg4 5. dxc5 e6 6. c3 Nd7 7. Be3 Ne7 8. Nbd2 Nf5 9. Bd4 Bxf3 10. Nxf3 Bxc5 11. Bd3 Nxd4 12. cxd4 Bb4+ 13. Kf1 Be7 14. Qe2 Rc8 15. h4 Qa5 16. g3 h6 17. Kg2 a6 18. Rac1 O-O 19. Bb1 Rxc1 20. Rxc1 Rd8 21. Qc2 Nf8 22. Qc7 Qxc7 23. Rxc7 Rd7 24. Rc8 Rd8 25. Rc7 Rd7 26. Rc1 f6 27. h5 Kf7 28. Bd3 Ke8 29. exf6 Bxf6 30. Ne5 Bxe5 31. dxe5 Kd8 32. Kf3 Rc7 33. Rxc7 Kxc7 34. Ke3 Nd7 35. Kd4 Nb8 36. f4 Nc6+ 37. Ke3 Kd7 38. a3 Ke7 39. b4 b5 40. Be2 Kf7 41. Bg4 Ke7 42. Kd3 Kf7 43. Kc3 Ke7 44. Bd1 Kf7 45. Bc2 Ke7 46. Bb1 Kf7 47. Bd3 Kf8 48. a4 bxa4 49. Bxa6 d4+ 50. Kc4 a3 51. Kb3 a2 52. Kb2 Nxb4 53. Bc4 d3 54. Bxe6 d2 55. Bb3 Nd3+ 56. Kxa2 Nc1+ 57. Kb2 Nxb3 58. Kc2 Ke7 59. Kd1 Ke6 60. g4 Kd5 61. g5 Ke6 62. Ke2 Kf5 63. Kd1 Nd4 64. Kxd2 Ne6 0-1


[Site "https://www.chess.com"]

[Event "Titled Tuesday Blitz April 26 Late 2022"]
[White "Pesotskiy, Mikhail"]
[Black "Oparin, Grigoriy"]
[WhiteFideId "34164453"]
[BlackFideId "24125890"]
[WhiteElo "2010"]
[BlackElo "2665"]
[Result "0-1"]
[Round "03"]
[TimeControl "180+1"]
[Date "2022.04.26"]
[WhiteClock "0:00:04"]
[BlackClock "0:00:27"]

1. d4 Nf6 2. c4 d6 3. Nc3 Nbd7 4. e4 e5 5. d5 g6 6. Be3 Bg7 7. f3 Nh5 8. Qd2 Nc5 9. Nge2 a5 10. g4 Nf6 11. h3 h5 12. Bg2 Bd7 13. Bg5 Qb8 14. Be3 O-O 15. Ng3 h4 16. Nge2 c6 17. Bg5 cxd5 18. cxd5 b5 19. Bxh4 b4 20. Nd1 Bb5 21. O-O Rc8 22. Ne3 Nd3 23. b3 Qa7 24. Kh1 Rc7 25. Nc4 Bxc4 26. bxc4 Nc5 27. Bf2 Qa6 28. Rfc1 Rac8 29. Bf1 Nfd7 30. Ng3 Qb7 31. Rab1 Qa8 32. Bd3 Na4 33. Ne2 Ndc5 34. Kg2 Rb8 35. Rc2 Qa6 36. Nc1 Qc8 37. Nb3 Nxd3 38. Qxd3 Nc3 39. Rbc1 Bh6 40. Rxc3 bxc3 41. Rxc3 a4 42. Na5 Rb2 43. Rc2 a3 44. Nc6 Qb7 45. c5 dxc5 46. d6 Rxc6 47. d7 Bg5 48. d8=Q+ Bxd8 49. Qxd8+ Kg7 50. Qd2 c4 51. Qc3 Rxc2 52. Qxc2 Qb2 0-1


[Site "https://www.chess.com"]

[Event "Titled Tuesday Blitz April 26 Late 2022"]
[White "Peterson, Eric"]
[Black "Sanchez Alvares, Kelvin Antonio"]
[WhiteFideId "14908395"]
[BlackFideId "3906680"]
[WhiteElo "2195"]
[BlackElo "2193"]
[Result "1/2-1/2"]
[Round "03"]
[TimeControl "180+1"]
[Date "2022.04.26"]
[WhiteClock "0:00:19"]
[BlackClock "0:01:20"]

1. e4 c5 2. d4 cxd4 3. c3 d3 4. Bxd3 e6 5. Nf3 a6 6. O-O Qc7 7. Qe2 Nc6 8. c4 Bd6 9. Nc3 Nf6 10. h3 h5 11. Be3 Ng4 12. c5 Bh2+ 13. Kh1 Nxe3 14. Qxe3 Bf4 15. Qe2 g5 16. Rfe1 g4 17. Nh4 Nd4 18. Qd1 Qxc5 19. g3 Bb8 20. hxg4 hxg4 21. Qxg4 Qh5 22. Qxh5 Rxh5 23. Rad1 b5 24. Kg2 Bb7 25. Bb1 Ba7 26. Ne2 Nxe2 27. Rxe2 O-O-O 28. Rc2+ Kb8 29. f3 d5 30. Rcd2 Rg8 31. Kh3 Rhg5 32. g4 dxe4 33. Bxe4 Bxe4 34. fxe4 Rxg4 35. Rd8+ Rxd8 36. Rxd8+ Kc7 37. Ra8 Rxe4 38. Rxa7+ Kb6 39. Rxf7 Re2 40. b3 Rxa2 41. Rf3 a5 42. Ng6 Re2 43. Ne7 Kc5 44. Kg3 Kb4 45. Kf4 Rb2 46. Nc6+ Kc5 47. Nxa5 Kb4 48. Nc6+ Kc5 49. Ne5 Kd4 50. Nc6+ Kc5 51. Ne5 Kd4 52. Nc6+ Kc5 1/2-1/2


[Site "https://www.chess.com"]

[Event "Titled Tuesday Blitz April 26 Late 2022"]
[White "Petrova, Irina"]
[Black "Omariev, Maksim"]
[WhiteFideId "14124122"]
[BlackFideId "4193423"]
[WhiteElo "1993"]
[BlackElo "2487"]
[Result "0-1"]
[Round "03"]
[TimeControl "180+1"]
[Date "2022.04.26"]
[WhiteClock "0:00:05"]
[BlackClock "0:00:04"]

1. e4 h5 2. d4 h4 3. h3 c6 4. Nc3 d5 5. Nf3 dxe4 6. Nxe4 Bf5 7. Bd3 e6 8. Bf4 Nf6 9. Nxf6+ Qxf6 10. Bxf5 Qxf5 11. Qd2 Nd7 12. Bh2 Nf6 13. O-O-O a5 14. Rhe1 Bb4 15. c3 Be7 16. Qc2 Qxc2+ 17. Kxc2 b5 18. Ne5 Rc8 19. Re2 Nd7 20. Rde1 Nxe5 21. Bxe5 Rg8 22. Bh2 Kd7 23. Re4 g5 24. f3 Bd6 25. Bxd6 Kxd6 26. Re5 Rce8 27. a4 f6 28. R5e2 Rg7 29. axb5 cxb5 30. Ra1 Ra7 31. Kd3 a4 32. Ree1 Rb7 33. Re2 Kd5 34. Rae1 Rb6 35. Ra1 Rc8 36. Ree1 Rc4 37. Re2 Ra6 38. b3 Rcc6 39. bxa4 bxa4 40. Rea2 Rc4 41. Ra3 Rac6 42. R1a2 e5 43. dxe5 Kxe5 44. Re2+ Kf4 45. Re4+ Rxe4 46. fxe4 Kg3 47. Ra2 a3 48. c4 Rb6 49. Kc3 Re6 50. Kd4 Kf4 51. Kd5 Re5+ 52. Kd6 Rxe4 53. c5 Rd4+ 54. Kc7 Kg3 55. c6 Rb4 56. Kc8 Rb2 57. Rxa3+ Kxg2 58. c7 f5 59. Ra5 g4 0-1


[Site "https://www.chess.com"]

[Event "Titled Tuesday Blitz April 26 Late 2022"]
[White "Pichot, Alan"]
[Black "Andreikin, Dmitry"]
[WhiteFideId "110973"]
[BlackFideId "4158814"]
[WhiteElo "2579"]
[BlackElo "2736"]
[Result "1/2-1/2"]
[Round "03"]
[TimeControl "180+1"]
[Date "2022.04.26"]
[WhiteClock "0:02:51"]
[BlackClock "0:02:55"]

1. e4 c5 2. Nf3 e6 3. d4 cxd4 4. Nxd4 Nc6 5. Nc3 Qc7 6. Be3 a6 7. Qf3 Nf6 8. O-O-O Rb8 9. Be2 Be7 10. Qg3 Qxg3 11. hxg3 d6 1/2-1/2


[Site "https://www.chess.com"]

[Event "Titled Tuesday Blitz April 26 Late 2022"]
[White "Pinheiro, Iung Alicio de O."]
[Black "Fier, Alexandr"]
[WhiteFideId "2104350"]
[BlackFideId "2107139"]
[WhiteElo "2460"]
[BlackElo "2571"]
[Result "1-0"]
[Round "03"]
[TimeControl "180+1"]
[Date "2022.04.26"]
[WhiteClock "0:00:32"]
[BlackClock "0:00:42"]

1. c4 Nf6 2. g3 e6 3. Bg2 d5 4. Nf3 dxc4 5. O-O c6 6. Nc3 b5 7. d3 cxd3 8. Ne5 Nd5 9. Nxd5 exd5 10. exd3 Be7 11. a4 b4 12. d4 O-O 13. Qh5 Nd7 14. Nxc6 Nf6 15. Qe2 Bg4 16. Qxe7 Qb6 17. Qc5 Qb7 18. Ne7+ Kh8 19. Nxd5 Qa6 20. Nxf6 Qxf6 21. Bg5 Qg6 22. Bxa8 Rxa8 23. Qd5 Rg8 24. Kg2 Qh5 25. h4 f6 26. f3 Bc8 27. g4 Qg6 28. Bf4 f5 29. h5 Qa6 30. g5 Bb7 31. Qb5 1-0


[Site "https://www.chess.com"]

[Event "Titled Tuesday Blitz April 26 Late 2022"]
[White "Potapova, Margarita"]
[Black "Fernandez Siles, Luis"]
[WhiteFideId "14126869"]
[BlackFideId "2209420"]
[WhiteElo "2216"]
[BlackElo "2212"]
[Result "0-1"]
[Round "03"]
[TimeControl "180+1"]
[Date "2022.04.26"]
[WhiteClock "0:00:04"]
[BlackClock "0:00:19"]

1. e4 c5 2. Nf3 Nc6 3. d4 cxd4 4. Nxd4 Nf6 5. Nc3 e5 6. Ndb5 d6 7. Bg5 a6 8. Na3 b5 9. Nd5 Be7 10. Bxf6 Bxf6 11. c3 O-O 12. Nc2 Rb8 13. Nce3 Bg5 14. Be2 Be6 15. O-O Ne7 16. Nxe7+ Qxe7 17. Nd5 Qb7 18. Nb4 a5 19. Nd5 f5 20. c4 Bxd5 21. cxd5 fxe4 22. Bg4 e3 23. Be6+ Kh8 24. fxe3 Bxe3+ 25. Kh1 Qe7 26. Qd3 Bd4 27. Qe2 b4 28. Rac1 Rxf1+ 29. Rxf1 Rf8 30. Rc1 Qg5 31. Qc2 h5 32. h3 e4 33. Rd1 Be5 34. g4 hxg4 35. Qxe4 g3 36. Qg4 Qxg4 37. hxg4 Rf2 38. g5 Kh7 39. Rd3 Kg6 40. Kg1 Kxg5 41. b3 Rxa2 42. Bd7 Kf4 43. Be8 g5 44. Bg6 g4 45. Bh7 a4 46. bxa4 b3 47. Rd1 g2 48. a5 Kg3 49. Rd3+ Kh4 50. Rd1 Kh3 51. Rd3+ Bg3 52. Rc3 Ra1+ 0-1


[Site "https://www.chess.com"]

[Event "Titled Tuesday Blitz April 26 Late 2022"]
[White "Qiao, Cindy"]
[Black "Romanchuk, Viktor"]
[WhiteFideId "2620243"]
[BlackFideId "14109271"]
[WhiteElo "2244"]
[BlackElo "2242"]
[Result "0-1"]
[Round "03"]
[TimeControl "180+1"]
[Date "2022.04.26"]
[WhiteClock "0:00:15"]
[BlackClock "0:00:35"]

1. d4 d5 2. Bf4 Nf6 3. e3 c5 4. c3 Nc6 5. Nf3 Qb6 6. Qc2 g6 7. Nbd2 Bg7 8. Bd3 O-O 9. O-O c4 10. Be2 Bf5 11. Qc1 Rfc8 12. h3 Qd8 13. Bd1 b5 14. Bc2 b4 15. Bxf5 gxf5 16. Ne5 Qa5 17. Qc2 e6 18. Rfc1 Nxe5 19. Bxe5 Nd7 20. Bxg7 Kxg7 21. Nf3 Rab8 22. Qe2 bxc3 23. bxc3 Rb5 24. Rc2 Rcb8 25. Kh2 Qc7+ 26. g3 a5 27. Rd1 a4 28. Rdd2 a3 29. Nh4 Nf6 30. f3 Rb1 31. Rd1 R8b2 32. Rxb1 Rxb1 33. Ng2 Qb8 34. Nf4 Rb2 35. Kg2 Rxc2 36. Qxc2 Qb2 37. Qf2 Qxc3 38. g4 fxg4 39. hxg4 h6 40. Kh3 Qb2 41. Qg3 Qc1 42. g5 Qh1+ 43. Qh2 Qxf3+ 44. Qg3 Qh1+ 45. Qh2 Qxh2+ 46. Kxh2 hxg5 47. Ne2 Ng4+ 0-1


[Site "https://www.chess.com"]

[Event "Titled Tuesday Blitz April 26 Late 2022"]
[White "Quesada Perez, Yuniesky"]
[Black "Ezat, Mohamed"]
[WhiteFideId "3504409"]
[BlackFideId "10600906"]
[WhiteElo "2622"]
[BlackElo "2386"]
[Result "1-0"]
[Round "03"]
[TimeControl "180+1"]
[Date "2022.04.26"]
[WhiteClock "0:00:07"]
[BlackClock "0:00:01"]

1. e4 c6 2. d4 d5 3. exd5 cxd5 4. c4 Nf6 5. Nc3 g6 6. Nf3 Bg7 7. Bg5 O-O 8. h3 Ne4 9. Be3 Nxc3 10. bxc3 Qa5 11. Qb3 Be6 12. Rc1 dxc4 13. Qxb7 Nd7 14. Ng5 Qd5 15. Qa6 Nb6 16. Be2 Qd7 17. Nxe6 Qxe6 18. O-O Qd7 19. Bxc4 Nxc4 20. Qxc4 Rab8 21. Rfd1 Rb2 22. Rd2 Rxd2 23. Bxd2 Rb8 24. Be3 h6 25. a4 Rc8 26. Qb5 Qd6 27. a5 a6 28. Qb6 Rc6 29. Qb7 e5 30. dxe5 Bxe5 31. c4 Rxc4 32. Rb1 Rc6 33. Bxh6 Qd3 34. Be3 Rc7 35. Qb8+ Kg7 36. Qb6 Rd7 37. g3 Re7 38. Qb3 Qe4 39. Rc1 Re6 40. Qc4 Qf5 41. Qg4 Qxg4 42. hxg4 Rd6 43. Rc5 Bf6 44. Rc4 Be7 45. Rc7 Re6 46. Ra7 Bb4 47. Bd4+ Kh6 48. Bb6 Kg5 49. Rxa6 Kxg4 50. Kg2 Re2 51. Ra7 f5 52. Rg7 f4 53. Rxg6+ Kf5 54. Rc6 fxg3 55. Kxg3 1-0


[Site "https://www.chess.com"]

[Event "Titled Tuesday Blitz April 26 Late 2022"]
[White "Rastbod, Ali"]
[Black "Szalay, Karoly"]
[WhiteFideId "12567477"]
[BlackFideId "2600544"]
[WhiteElo "2147"]
[BlackElo "2432"]
[Result "1-0"]
[Round "03"]
[TimeControl "180+1"]
[Date "2022.04.26"]
[WhiteClock "0:00:18"]
[BlackClock "0:00:22"]

1. e4 e5 2. Nf3 Nc6 3. Nc3 Nf6 4. d4 exd4 5. Nxd4 Bc5 6. Be3 Bb6 7. Qd2 d6 8. O-O-O Bd7 9. f3 Qe7 10. g4 O-O-O 11. g5 Nh5 12. Nd5 Qf8 13. Nb5 Be6 14. Bxb6 cxb6 15. f4 Kb8 16. Be2 g6 17. Bxh5 gxh5 18. Nf6 h6 19. h4 d5 20. e5 d4 21. Nd6 Rxd6 22. exd6 Qxd6 23. Kb1 d3 24. Qxd3 Bxa2+ 25. Ka1 Qxf4 26. Qd6+ Qxd6 27. Rxd6 Be6 28. Nxh5 hxg5 29. hxg5 Kc7 30. Rd2 Rg8 31. Rg1 Ne5 32. Rf2 Ng4 33. Nf6 Rxg5 34. Nxg4 Rxg4 35. Rxg4 Bxg4 36. Rxf7+ Bd7 37. b3 Kc6 38. Kb2 b5 39. Kc3 a5 40. Rf6+ Kc7 41. Kd4 b6 42. Kd5 Be8 43. Rf8 Bc6+ 44. Ke5 a4 45. bxa4 bxa4 46. Kd4 Kd6 47. Kc4 Bd7 48. Kb4 b5 49. Rf6+ Kd5 50. Rh6 Kd4 51. Rd6+ 1-0


[Site "https://www.chess.com"]

[Event "Titled Tuesday Blitz April 26 Late 2022"]
[White "Rasulov, Vugar"]
[Black "Zumsande, Martin"]
[WhiteFideId "13402390"]
[BlackFideId "4651324"]
[WhiteElo "2560"]
[BlackElo "2368"]
[Result "1-0"]
[Round "03"]
[TimeControl "180+1"]
[Date "2022.04.26"]
[WhiteClock "0:01:49"]
[BlackClock "0:00:03"]

1. d4 d5 2. c4 e6 3. Nf3 Nf6 4. Nc3 Be7 5. Qc2 O-O 6. cxd5 exd5 7. Bg5 c5 8. e3 Nc6 9. dxc5 Be6 10. a3 Bxc5 11. Bd3 h6 12. Bh4 Be7 13. O-O Rc8 14. Rad1 Qb6 15. Na4 Qa5 16. b4 Nxb4 17. axb4 Qxb4 18. Qa2 d4 19. Qa1 dxe3 20. fxe3 Bb3 21. Nb2 Bxd1 22. Nxd1 Rfd8 23. Nf2 Qc3 24. Qb1 b6 25. Bf5 Rc5 26. e4 Re8 27. e5 Nd5 28. Ne4 Qe3+ 29. Bf2 Qf4 30. Nxc5 bxc5 31. Be4 Nc3 32. Bh7+ Kh8 33. Qc2 Nb5 34. Bd3 Nd4 35. Nxd4 cxd4 36. Qc4 Qxe5 37. Qxf7 Bf6 38. Qg6 Kg8 39. h4 Rc8 40. Re1 Qc5 41. Re8+ Rxe8 42. Qxe8+ Qf8 43. Bc4+ Kh8 44. Qxf8+ Kh7 45. Bd3+ g6 46. Qxf6 h5 47. Bxg6+ Kh6 48. Bf5# 1-0


[Site "https://www.chess.com"]

[Event "Titled Tuesday Blitz April 26 Late 2022"]
[White "Remolar Gallen, Jose"]
[Black "Carrasco Miranda, Andres"]
[WhiteFideId "2215187"]
[BlackFideId "3405990"]
[WhiteElo "2205"]
[BlackElo "2177"]
[Result "1-0"]
[Round "03"]
[TimeControl "180+1"]
[Date "2022.04.26"]
[WhiteClock "0:00:47"]
[BlackClock "0:00:03"]

1. d4 Nf6 2. Nf3 g6 3. Nbd2 d5 4. b3 Bg7 5. Bb2 O-O 6. e3 b6 7. Be2 c5 8. O-O Nc6 9. Ne5 Nxe5 10. dxe5 Nd7 11. f4 e6 12. Nf3 a5 13. c4 Bb7 14. cxd5 Bxd5 15. Qc2 a4 16. bxa4 Qc7 17. Bb5 Nb8 18. Rad1 Nc6 19. e4 Nb4 20. Qe2 Bxa2 21. Rd7 Qc8 22. f5 Bb3 23. Ng5 Bxa4 24. fxe6 fxe6 25. Rxf8+ Bxf8 26. Qf3 Qe8 27. Nxh7 Bxb5 28. Nf6+ Kh8 29. Rh7# 1-0


[Site "https://www.chess.com"]

[Event "Titled Tuesday Blitz April 26 Late 2022"]
[White "Rengifo Blancas, Renzo Jhonathan"]
[Black "Piesik, Piotr"]
[WhiteFideId "3807185"]
[BlackFideId "1136194"]
[WhiteElo "2058"]
[BlackElo "2190"]
[Result "0-1"]
[Round "03"]
[TimeControl "180+1"]
[Date "2022.04.26"]
[WhiteClock "0:00:15"]
[BlackClock "0:00:22"]

1. d4 c5 2. e4 cxd4 3. c3 dxc3 4. Nxc3 Nc6 5. Bc4 d6 6. Nf3 e6 7. O-O a6 8. Qe2 b5 9. Bb3 Bb7 10. Rd1 Qb8 11. Bf4 Ne5 12. a4 b4 13. Na2 Nf6 14. Rd4 Be7 15. Rxb4 O-O 16. Nc3 Nc6 17. Rb6 Qa7 18. Be3 Na5 19. Rb5 axb5 20. Bxa7 Nxb3 21. Ra3 Nc1 22. Qd1 b4 23. Qxc1 bxa3 24. Be3 Rfc8 25. Qa1 Nxe4 26. Nxe4 axb2 27. Qxb2 Bxe4 28. Qd4 d5 29. h3 Bc5 30. Qc3 Bxf3 31. gxf3 Bxe3 32. Qxe3 Rxa4 33. Qe5 h6 34. Qd6 Rac4 35. Kg2 Rc2 36. Qd7 R8c7 37. Qd8+ Kh7 38. h4 R7c4 39. h5 Rf4 40. Qd7 Rf5 41. Qb5 Rc3 42. Qb2 Rcxf3 43. Qe2 Rxf2+ 44. Qxf2 Rxf2+ 45. Kxf2 g6 46. Ke3 gxh5 47. Kf4 f6 48. Kg3 Kg6 49. Kh4 d4 50. Kh3 e5 51. Kh4 e4 52. Kg3 Kf5 53. Kh2 Kf4 54. Kh3 d3 55. Kh4 d2 56. Kxh5 d1=Q+ 57. Kg6 Qg4+ 58. Kh7 Kf5 59. Kh8 Ke6 60. Kh7 Kf7 0-1


[Site "https://www.chess.com"]

[Event "Titled Tuesday Blitz April 26 Late 2022"]
[White "Ricaurte Lopez, Juan Carlos"]
[Black "Menna Barreto, Felipe Kubiaki"]
[WhiteFideId "3600327"]
[BlackFideId "2119757"]
[WhiteElo "2209"]
[BlackElo "2261"]
[Result "0-1"]
[Round "03"]
[TimeControl "180+1"]
[Date "2022.04.26"]
[WhiteClock "0:00:04"]
[BlackClock "0:01:01"]

1. e4 d6 2. d4 Nf6 3. Nc3 e5 4. dxe5 dxe5 5. Qxd8+ Kxd8 6. Bc4 Be6 7. Bxe6 fxe6 8. Be3 Bd6 9. f3 Ke7 10. O-O-O a6 11. h4 c5 12. h5 h6 13. Na4 Nbd7 14. Ne2 b5 15. Nac3 c4 16. a3 Rab8 17. Kb1 a5 18. Na2 b4 19. axb4 axb4 20. b3 c3 21. Rd3 Rb5 22. Rhd1 Bc5 23. Bxc5+ Nxc5 24. Rd6 Ra8 25. Rc6 Rba5 26. Nec1 Ncxe4 27. fxe4 Nxe4 28. Rc4 Nd2+ 29. Ka1 e4 30. Rxb4 e3 31. Re1 Re5 32. Rb7+ Kd6 33. Rxg7 Rxh5 34. Rg3 Rha5 35. Rgxe3 e5 36. Rxc3 e4 0-1


[Site "https://www.chess.com"]

[Event "Titled Tuesday Blitz April 26 Late 2022"]
[White "Rosenberg, Evan S"]
[Black "Veiga, Emerson de Sousa"]
[WhiteFideId "2019299"]
[BlackFideId "2151898"]
[WhiteElo "2330"]
[BlackElo "2034"]
[Result "1-0"]
[Round "03"]
[TimeControl "180+1"]
[Date "2022.04.26"]
[WhiteClock "0:00:47"]
[BlackClock "0:00:59"]

1. Nf3 d5 2. d4 Nf6 3. c4 e6 4. g3 Bb4+ 5. Nc3 O-O 6. Bg2 c5 7. a3 cxd4 8. axb4 dxc3 9. bxc3 dxc4 10. O-O Nd5 11. Qc2 b5 12. Rd1 Qf6 13. Ng5 g6 14. Rxd5 exd5 15. Bxd5 Nc6 16. Ne4 Qe7 17. Bxc6 Bf5 18. Bxa8 Rxa8 19. f3 Qe6 20. g4 Bxe4 21. Qxe4 Qc8 22. Bh6 a5 23. Qe5 f6 24. Qxf6 Ra7 25. Rxa5 Rf7 26. Qe5 Rb7 27. Rxb5 Rxb5 28. Qg7# 1-0


[Site "https://www.chess.com"]

[Event "Titled Tuesday Blitz April 26 Late 2022"]
[White "Rustemov, Alexander"]
[Black "Xiong, Jeffery"]
[WhiteFideId "4119002"]
[BlackFideId "2047640"]
[WhiteElo "2858"]
[BlackElo "2727"]
[Result "1-0"]
[Round "03"]
[TimeControl "180+1"]
[Date "2022.04.26"]
[WhiteClock "0:01:13"]
[BlackClock "0:00:54"]

1. d4 g6 2. c4 Bg7 3. Nf3 d6 4. g3 Nc6 5. Bg2 Bd7 6. Nc3 Qc8 7. O-O Bh3 8. e4 h5 9. Bxh3 Qxh3 10. d5 Ne5 11. Ng5 Qd7 12. f4 Ng4 13. h3 N4h6 14. Be3 c5 15. Kg2 e6 16. dxe6 fxe6 17. Nb5 Rd8 18. Nxe6 Nf6 19. Nxd8 Nxe4 20. Qd3 Nxg3 21. Kxg3 Nf5+ 22. Kh2 Kxd8 23. Rad1 Bf8 24. Bxc5 1-0


[Site "https://www.chess.com"]

[Event "Titled Tuesday Blitz April 26 Late 2022"]
[White "Sailer, Mike"]
[Black "Martic, Ivan"]
[WhiteFideId "2012901"]
[BlackFideId "929301"]
[WhiteElo "2109"]
[BlackElo "2317"]
[Result "0-1"]
[Round "03"]
[TimeControl "180+1"]
[Date "2022.04.26"]
[WhiteClock "0:00:20"]
[BlackClock "0:01:49"]

1. Nf3 Nf6 2. d4 g6 3. Bf4 Bg7 4. e3 O-O 5. Be2 d6 6. O-O Nc6 7. h3 Nd7 8. c4 e5 9. Bh2 f5 10. Nc3 e4 11. Nd2 g5 12. Rb1 Nf6 13. b4 Ne7 14. Rb3 Kh8 15. d5 Ng6 16. Bh5 Ne5 17. Bxe5 dxe5 18. a4 g4 19. hxg4 fxg4 20. Ndxe4 Nxh5 21. c5 Bf5 22. d6 Be6 23. Rb2 cxd6 24. Nxd6 Qh4 25. Nce4 g3 26. Nxg3 Nxg3 27. fxg3 Qxg3 28. Rxf8+ Rxf8 29. Qe2 e4 30. Rb1 Be5 31. Qh5 Qf2+ 32. Kh1 Qf1+ 33. Rxf1 Rxf1# 0-1


[Site "https://www.chess.com"]

[Event "Titled Tuesday Blitz April 26 Late 2022"]
[White "Salimova, Nurgyul"]
[Black "Ouellet, Maili-Jade"]
[WhiteFideId "2915138"]
[BlackFideId "2620472"]
[WhiteElo "2185"]
[BlackElo "1899"]
[Result "1-0"]
[Round "03"]
[TimeControl "180+1"]
[Date "2022.04.26"]
[WhiteClock "0:01:42"]
[BlackClock "0:00:53"]

1. d4 d5 2. c4 e6 3. Nf3 Nf6 4. g3 Be7 5. Bg2 O-O 6. Nc3 dxc4 7. Ne5 Nc6 8. Bxc6 bxc6 9. Nxc6 Qe8 10. Nxe7+ Qxe7 11. Qa4 c5 12. dxc5 Qxc5 13. Be3 Qc7 14. O-O-O Bb7 15. f3 Nd5 16. Bd4 Rfd8 17. Nxd5 Bxd5 18. Bc3 e5 19. Ba5 Qc5 20. Bxd8 Rxd8 21. e4 c3 22. Rxd5 cxb2+ 23. Kb1 1-0


[Site "https://www.chess.com"]

[Event "Titled Tuesday Blitz April 26 Late 2022"]
[White "Sanal, Vahap"]
[Black "Rosen, Eric"]
[WhiteFideId "6300545"]
[BlackFideId "2032562"]
[WhiteElo "2603"]
[BlackElo "2362"]
[Result "1-0"]
[Round "03"]
[TimeControl "180+1"]
[Date "2022.04.26"]
[WhiteClock "0:00:30"]
[BlackClock "0:00:01"]

1. Nf3 d5 2. b3 Nf6 3. Bb2 Bf5 4. g3 e6 5. Bg2 Be7 6. O-O O-O 7. d3 h6 8. Nbd2 Bh7 9. Re1 a5 10. a4 Nbd7 11. e4 c6 12. Qe2 Qb6 13. Rad1 Rac8 14. h4 Ng4 15. Bh3 h5 16. Bxg4 hxg4 17. Ng5 dxe4 18. Nxh7 Kxh7 19. dxe4 Qc5 20. Qxg4 Bf6 21. e5 Bxe5 22. Bxe5 Nxe5 23. Qh5+ Kg8 24. Qxe5 Qxc2 25. Qe4 Qc3 26. Qe3 Qb4 27. Nc4 b5 28. Ne5 bxa4 29. bxa4 Qxa4 30. h5 Qc2 31. Rc1 Qf5 32. Nxc6 Rce8 33. Rc5 Qg4 34. Rg5 Qc4 35. Ne5 Qb4 36. h6 g6 37. Nd7 Qe7 38. Nxf8 Qxg5 39. Qxg5 Rxf8 40. Qf6 Kh7 41. Qg7# 1-0


[Site "https://www.chess.com"]